 Dungeon Crawl Stone Soup version 0.21-a0-348-ga060c75 (webtiles) character file.

137 paralogiki the Skirmisher (level 5, -4/47 HPs)
             Began as a Gnoll Wanderer on Oct 6, 2017.
             Killed from afar by Ijyb (12 damage)
             ... with a wand of acid (?/15)
             ... on level 3 of the Dungeon.
             The game lasted 00:03:12 (1766 turns).

paralogiki the Skirmisher (Gnoll Wanderer)          Turns: 1766, Time: 00:03:13

Health: -4/47      AC:  4    Str: 14    XL:     5   Next: 20%
Magic:  7/7        EV: 13    Int: 13    God:
Gold:   158        SH:  0    Dex: 17    Spells: 6/6 levels left

rFire    . . .     SeeInvis .   a - +2 spear
rCold    . . .     Gourm    .   (no shield)
rNeg     . . .     Faith    .   l - +0 leather armour
rPois    .         Spirit   .   (no helmet)
rElec    .         Reflect  .   e - +0 cloak
rCorr    .         Harm     .   (no gloves)
MR       .....                  (no boots)
Stlth    +.........             (no amulet)
HPRegen  0.15/turn              (no ring)
MPRegen  0.10/turn              (no ring)

@: confused, lethally poisoned (-4 -> -5)
A: distributed training, fangs 1, strong nose
a: no special abilities


You were on level 3 of the Dungeon.
You were not hungry.

You visited 1 branch of the dungeon, and saw 3 of its levels.

You collected 158 gold pieces.

Inventory:

Hand Weapons
 a - a +2 spear (weapon)
Armour
 e - a +0 cloak (worn)
   (You found it on level 1 of the Dungeon)
 l - a +0 leather armour (worn)
   (You found it on level 1 of the Dungeon)
Jewellery
 p - a cursed ring of loudness {unknown}
   (You found it on level 2 of the Dungeon)
Scrolls
 c - 2 scrolls of enchant weapon {unknown}
 i - 2 scrolls of remove curse {unknown}
 j - a scroll of identify {unknown}
 m - a scroll of random uselessness {unknown}
Potions
 b - 2 potions of lignification {!q}
 g - a potion of might {unknown}
 k - a potion of flight {unknown}
 n - a potion of cancellation
 s - a potion of degeneration {unknown}
Comestibles
 d - 2 chunks of flesh {@w0}
 f - 2 bread rations {@e1}
 h - 2 meat rations {@e2}


   Skills:
 + Level 6.6 Fighting
 + Level 1.3 Short Blades
 + Level 1.3 Long Blades
 + Level 1.3 Axes
 + Level 1.3 Maces & Flails
 + Level 6.6 Polearms
 + Level 1.3 Staves
 + Level 1.3 Slings
 + Level 1.3 Bows
 + Level 1.3 Crossbows
 + Level 1.3 Throwing
 + Level 1.3 Armour
 + Level 2.9 Dodging
 + Level 4.3 Stealth
 + Level 2.9 Shields
 + Level 1.3 Unarmed Combat
 + Level 1.3 Spellcasting
 + Level 1.3 Conjurations
 + Level 1.3 Hexes
 + Level 1.3 Charms
 + Level 1.3 Summonings
 + Level 1.3 Necromancy
 + Level 1.3 Translocations
 + Level 1.3 Transmutations
 + Level 1.3 Fire Magic
 + Level 1.3 Ice Magic
 + Level 1.3 Air Magic
 + Level 1.3 Earth Magic
 + Level 1.3 Poison Magic
 + Level 1.3 Invocations
 + Level 1.3 Evocations


You had 6 spell levels left.
You didn't know any spells.

Dungeon Overview and Level Annotations

Branches:
Dungeon (3/15)

Altars:
Ashenzari
The Shining One

Annotations:
D:3 Ijyb


Innate Abilities, Weirdness & Mutations

Your experience applies equally to all skills.
You have very sharp teeth.
Your uncanny sense of smell can sniff out nearby items.


Message History

An orc comes into view.
You hit the orc but do no damage. The orc hits you.
You take 5 damage, and have 36/41 hp.
You hit the orc. The orc closely misses you.
You closely miss the orc. The orc hits you.
You take 2 damage, and have 34/41 hp.
You hit the orc. You barely miss the orc. The orc barely misses you.
An orc comes into view.
You closely miss the orc. The orc hits you.
You take 1 damage, and have 34/41 hp.
You barely miss the orc.
The orc shouts!
The orc misses you.
You hear a shout! x2
You hit the orc.
You kill the orc!
Attack whom?
Aim: an orc You reach to attack!
You hit the orc. You hit the orc. The orc barely misses you.
You hit the orc.
You kill the orc!
An orc comes into view. It is wielding a hand axe.
Things that are here:
a ring mail; an orc corpse You closely miss the orc wizard.
The orc wizard closely misses you.
You hit the orc wizard. The orc wizard closely misses you.
Ijyb the Twisted Goblin comes into view.
She is wielding a club.
You barely miss the orc wizard.
The orc wizard hits you with a dagger of venom.
You are poisoned.
You take 2 damage, and have 33/41 hp.
Attack whom?
Aim: Ijyb, wielding a club and wearing a leather armour You reach to attack!
You hit Ijyb but do no damage.
You feel sick.
You take 1 damage, and have 32/41 hp. (Key replay ran out of keys) Attack whom?
Aim: Ijyb, wielding a club and wearing a leather armour The orc wizard is in the way.
You hit the orc wizard.
You feel sick. The orc wizard casts a spell at you. The magic dart hits you!
You take 5 damage, and have 27/41 hp.
No previous command to re-do.
No previous command to re-do.
No previous command to re-do.
You hit the orc wizard. You bite the orc wizard.
The orc wizard mumbles some strange words.
The orc wizard seems to speed up.
You hit the orc wizard. The orc wizard barely misses you.
Ijyb screams, "I dance on your bones!"
You hit the orc wizard.
You kill the orc wizard!
You have reached level 5!
You feel sick.
Ijyb zaps a wand.
The bolt of acid hits the orc.
The orc is splashed with acid.
The acid corrodes the orc!
The orc dies!
The bolt of acid misses you.
It is a wand of acid (?/15).
You regained 3 hp, and now have 30/47 hp.
You feel sick. Ijyb hits you but does no damage.
You closely miss Ijyb.
You feel sick.
You take 1 damage, and have 29/47 hp.
You closely miss Ijyb. Ijyb closely misses you.
You closely miss Ijyb. You bite Ijyb, but do no damage.
Ijyb zaps a wand.
The bolt of acid hits you!
* * * LOW HITPOINT WARNING * * *
You are splashed with acid!
The acid burns!
* * * LOW HITPOINT WARNING * * *
You hit Ijyb but do no damage.
* * * LOW HITPOINT WARNING * * *
You feel sick. Ijyb closely misses you.
You take 28 damage, and have 1/47 hp.
MASSIVE DAMAGE!!
Really quaff
b - 3 potions of lignification {!q}?
You turn into a tree.
Your +0 cloak melds into your body.
Your +0 leather armour melds into your body.
Your roots penetrate the ground.
Ijyb hits you but does no damage.
You now have 1/70 hp.
It was a potion of cancellation.
Your magical effects are unravelling.
You feel magically purged.
You feel less wooden.
Your +0 cloak unmelds from your body.
Your +0 leather armour unmelds from your body.
Ijyb misses you.
You now have 2/47 hp.
It was a potion of ambrosia.
You are confused.
You feel invigorated.
You regained 4 hp, and now have 6/47 hp.
MP restored: 7 You bump into the rock wall.
You feel sick.
Ijyb zaps a wand.
The bolt of acid hits you!
You die...

##.#.#.#.##...
#>#.#.#.##...
>.#.#.#.#####
###.#.#.# #.
#.#.#.# #.
#.#.#.# #. #
#.# #.
#.#########.#∆
#.
#.)g@.......#
#.
#############
#. #. #. #. #.
## ∆


You could see Ijyb.

Vanquished Creatures
  An orc wizard (D:3)
  Crazy Yiuf (D:2)
  2 adders (D:2)
  A dart slug (D:1)
  3 leopard geckos
  2 orcs (D:3)
  2 ball pythons
  4 bats
  6 giant cockroaches
  10 goblins
  2 hobgoblins
  4 jackals (D:2)
  A quokka (D:2)
  4 frilled lizards
  4 kobolds (D:2)
  5 rats
52 creatures vanquished.

Vanquished Creatures (others)
  An orc (D:3)
1 creature vanquished.

Grand Total: 53 creatures vanquished

Notes
Turn   | Place    | Note
-------+----------+-------------------------------------------
     0 | D:1      | paralogiki the Gnoll Wanderer began the quest for the Orb.
     0 | D:1      | paralogiki set off with: a +2 spear, 2 potions of lignification {!q}, a +0 robe, a +0 dagger, a bread ration {@e1}
     0 | D:1      | Reached XP level 1. HP: 23/23 MP: 1/1
    97 | D:1      | Reached XP level 2. HP: 29/29 MP: 2/2
   655 | D:2      | Reached XP level 3. HP: 32/35 MP: 3/3
  1027 | D:2      | Found a glowing golden altar of the Shining One.
  1085 | D:2      | Found a shattered altar of Ashenzari.
  1180 | D:2      | Reached skill level 1 in Short Blades
  1180 | D:2      | Reached skill level 1 in Long Blades
  1180 | D:2      | Reached skill level 1 in Axes
  1180 | D:2      | Reached skill level 1 in Maces & Flails
  1180 | D:2      | Reached skill level 1 in Staves
  1180 | D:2      | Reached skill level 1 in Slings
  1180 | D:2      | Reached skill level 1 in Bows
  1180 | D:2      | Reached skill level 1 in Crossbows
  1180 | D:2      | Reached skill level 1 in Throwing
  1180 | D:2      | Reached skill level 1 in Armour
  1180 | D:2      | Reached skill level 1 in Unarmed Combat
  1180 | D:2      | Reached skill level 1 in Spellcasting
  1180 | D:2      | Reached skill level 1 in Conjurations
  1180 | D:2      | Reached skill level 1 in Hexes
  1180 | D:2      | Reached skill level 1 in Charms
  1180 | D:2      | Reached skill level 1 in Summonings
  1180 | D:2      | Reached skill level 1 in Necromancy
  1180 | D:2      | Reached skill level 1 in Translocations
  1180 | D:2      | Reached skill level 1 in Transmutations
  1180 | D:2      | Reached skill level 1 in Fire Magic
  1180 | D:2      | Reached skill level 1 in Ice Magic
  1180 | D:2      | Reached skill level 1 in Air Magic
  1180 | D:2      | Reached skill level 1 in Earth Magic
  1180 | D:2      | Reached skill level 1 in Poison Magic
  1180 | D:2      | Reached skill level 1 in Invocations
  1180 | D:2      | Reached skill level 1 in Evocations
  1186 | D:2      | Reached XP level 4. HP: 34/41 MP: 5/5
  1391 | D:2      | Found a runed door.
  1548 | D:2      | Noticed Crazy Yiuf
  1557 | D:2      | Killed Crazy Yiuf
  1750 | D:3      | Noticed Ijyb
  1755 | D:3      | Reached XP level 5. HP: 31/47 MP: 5/7
  1761 | D:3      | HP: 2/47 [acid (11)]
  1766 | D:3      | HP: 8/47 [poisoned by an orc wizard]
  1766 | D:3      | Killed from afar by Ijyb

Vault maps used:
D:1:      saegor_arrival_simple_d, minmay_pentomino_x2
D:2:      nicolae_tso_carved_into_rock, first_bread, evilmike_ruin_ashenzari,
          uniq_crazy_yiuf_cottage
D:3:      uniq_ijyb

Skill      XL: |  1  2  3 |
---------------+----------+-----
Short Blades   | 1 |  1.3
Long Blades    | 1 |  1.3
Axes           | 1 |  1.3
Maces & Flails | 1 |  1.3
Staves         | 1 |  1.3
Slings         | 1 |  1.3
Bows           | 1 |  1.3
Crossbows      | 1 |  1.3
Throwing       | 1 |  1.3
Armour         | 1 |  1.3
Unarmed Combat | 1 |  1.3
Spellcasting   | 1 |  1.3
Conjurations   | 1 |  1.3
Hexes          | 1 |  1.3
Charms         | 1 |  1.3
Summonings     | 1 |  1.3
Necromancy     | 1 |  1.3
Translocations | 1 |  1.3
Transmutations | 1 |  1.3
Fire Magic     | 1 |  1.3
Ice Magic      | 1 |  1.3
Air Magic      | 1 |  1.3
Earth Magic    | 1 |  1.3
Poison Magic   | 1 |  1.3
Invocations    | 1 |  1.3
Evocations     | 1 |  1.3
Fighting       | |  6.6
Polearms       | |  6.6
Dodging        | |  2.9
Stealth        | |  4.3
Shields        | |  2.9

Action                   |  1- 3 |  4- 6 || total
-------------------------+-------+-------++-------
Melee: Spear             |    96 |    44 ||   140
       Bite              |     5 |     3 ||     8
  Use: Potion            |       |     3 ||     3
 Stab: Sleeping          |    10 |     5 ||    15
  Eat: Chunk             |     1 |     2 ||     3
Armor: Robe              |     5 |       ||     5
       Leather armour    |     7 |     4 ||    11
       Skin              |       |     1 ||     1
Dodge: Dodged            |    30 |    16 ||    46

Table legend:
 A = Spawn XP
 B = Non-spawn XP
 C = Spawn XP percentage of total XP
 D = Spawn monster count
 E = Non-spawn monster count
 F = Spawn count percentage of total count
 G = Total turns spent on level
                    A         B        C        D         E        F      G
               +---------+---------+-------+---------+---------+-------+---------
         Total |       0 |     197 |   0.0 |       0 |      52 |   0.0 |  1766
               +---------+---------+-------+---------+---------+-------+---------
           D:1 |       0 |      28 |   0.0 |       0 |      15 |   0.0 |   617
           D:2 |       0 |     120 |   0.0 |       0 |      33 |   0.0 |  1008
           D:3 |       0 |      49 |   0.0 |       0 |       4 |   0.0 |   141
               +---------+---------+-------+---------+---------+-------+---------

Vault maps used:
D:1:      saegor_arrival_simple_d, minmay_pentomino_x2
D:2:      nicolae_tso_carved_into_rock, first_bread, evilmike_ruin_ashenzari,
          uniq_crazy_yiuf_cottage
D:3:      uniq_ijyb

Table legend:
 A = Turns spent in this place as a percentage of turns spent in the entire game.
 B = Non-inter-level travel turns spent in this place as a percentage of non-inter-level travel turns spent in the entire game.
 C = Inter-level travel turns spent in this place as a percentage of turns spent in this place.
 D = Turns resting spent in this place as a percentage of non-inter-level travel turns spent in this place.
 E = Turns spent auto-exploring this place as a percentage of non-inter-level travel turns spent in this place.
 F = Non-inter-level travel turns spent in this place divided by the number of levels of this place that you've seen.
                   A       B       C       D       E      F
               +-------+-------+-------+-------+-------+----------------------
         Total | 100.0 | 100.0 |   7.1 |   0.8 |  78.7 | 546.7
       Dungeon | 100.0 | 100.0 |   7.1 |   0.8 |  78.7 | 546.7
               +-------+-------+-------+-------+-------+----------------------

Table legend:
 A = Kills in this place as a percentage of kills in entire the game.
 B = Kills by you in this place as a percentage of kills by you in the entire game.
 C = Kills by friends in this place as a percentage of kills by friends in the entire game.
 D = Other kills in this place as a percentage of other kills in the entire game.
 E = Experience gained in this place as a percentage of experience gained in the entire game.
 F = Experience gained in this place divided by the number of levels of this place that you have seen.
                   A       B       C       D       E      F
               +-------+-------+-------+-------+-------+----------------------
         Total | 100.0 | 100.0 |   N/A |   N/A | 100.0 |  65.7
       Dungeon | 100.0 | 100.0 |   N/A |   N/A | 100.0 |  65.7
               +-------+-------+-------+-------+-------+----------------------
